 Dungeon Crawl Stone Soup version 0.19-a0-994-g3c636f0 (webtiles) character file.

709 Goblin1989 the Cruncher (level 7, -3/50 HPs)
             Began as a Demonspawn Gladiator on July 16, 2016.
             Was a Follower of Hepliaklqana.
             Slain by Edmund
             ... wielding a +4 dire flail of protection
              (8 damage)
             ... on level 5 of the Dungeon.
             The game lasted 00:12:03 (3851 turns).

Goblin1989 the Cruncher (Demonspawn Gladiator)      Turns: 3851, Time: 00:12:04

Health: -3/50      AC:  7    Str: 17    XL:     7   Next: 40%
Magic:  0/7        EV: 11    Int:  9    God:    Hepliaklqana [*.....]
Gold:   204        SH:  0    Dex: 14    Spells: 0 memorised, 6 levels left

rFire  + . .     SeeInvis +     a - +0 quarterstaff
rCold  + . .     Gourm    .     x - +0 ring mail {rPois}
rNeg   . . .     Faith    .     (shield currently unavailable)
rPois  +         Spirit   +     (helmet restricted)
rElec  .         Dismiss  .     (no cloak)
rCorr  .         Reflect  .     (no gloves)
SustAt .         Harm     +     (no boots)
MR     .....                    b - amulet of harm
Stlth  +.........               n - ring of protection from fire {rF+, !d}
                                y - ring of see invisible {sInv, !d}

@: drained, not resistant to hostile enchantments, very unstealthy
A: antennae 1, yellow scales 1, cold resistance 1, magic shield
a: Recall Ancestor, Ancestor Identity, Renounce Religion


You were on level 5 of the Dungeon.
You worshipped Hepliaklqana.
Hepliaklqana was aware of your devotion.
You were hungry.

You visited 1 branch of the dungeon, and saw 5 of its levels.

You collected 204 gold pieces.

Inventory:

Hand Weapons
 a - a +0 quarterstaff (weapon)
Missiles
 d - 3 throwing nets {=f, !d}
Armour
 p - a +0 scale mail
 x - a +0 ring mail of poison resistance (worn)
Jewellery
 b - an amulet of harm (around neck)
 n - a ring of protection from fire (right hand) {rF+, !d}
 y - a ring of see invisible (left hand) {sInv, !d}
Scrolls
 c - 2 scrolls of teleportation {unknown}
 h - a scroll of immolation {unknown}
 i - a scroll of magic mapping {unknown}
 k - 2 scrolls of fear
 q - a scroll of fog {unknown}
 r - a scroll of enchant armour {unknown}
 s - a scroll of enchant weapon {unknown}
 t - a scroll of blinking {unknown}
 w - a scroll of remove curse
Potions
 j - a potion of brilliance
 l - 3 potions of curing
 v - a potion of cure mutation {!q}
 B - a potion of flight
Comestibles
 f - 3 bread rations
 z - a meat ration


   Skills:
 - Level 2.0(1.4) Fighting
 + Level 8.0(7.3) Staves
 - Level 1.7(1.1) Throwing
 - Level 2.6(2.0) Dodging


You had 6 spell levels left.
You didn't know any spells.

Dungeon Overview and Level Annotations

Branches:
Dungeon (5/15)
 Temple: D:4-7

Altars:
Ashenzari
Hepliaklqana
Nemelex Xobeh
Trog

Annotations:
D:5 Edmund


Innate Abilities, Weirdness & Mutations

You have a pair of small antennae on your head.
You are partially covered in yellow scales. (AC +2)
Your flesh is cold resistant. (rC+)
When hurt, damage is shared between your health and your magic reserves.


Message History

You are too injured to fight recklessly!
You are too injured to fight recklessly!
You are too injured to fight recklessly!
You are too injured to fight recklessly!
You hit Edmund but do no damage.
Edmund hits you with a dire flail of protection.
You take 1 damage, and have 22/50 hp.
You sock Edmund!
Edmund hits you with a dire flail of protection!
* * * LOW HITPOINT WARNING * * *
You take 14 damage, and have 8/50 hp.
MASSIVE DAMAGE!!
You now have 1/7 mp.
You closely miss Edmund.
Edmund hits you with a dire flail of protection.
* * * LOW HITPOINT WARNING * * *
You take 3 damage, and have 5/50 hp.
You hit Edmund but do no damage. You hit Edmund. Edmund barely misses you.
You hit Edmund.
Edmund hits you with a dire flail of protection!
You die...

##+## #...#
#...# #<..#
#..#########
#..##.#....#
##.....#....#
#......@@...#
#......#....#
########....#
#####


You could see Edmund.

Vanquished Creatures
  A gnoll sergeant (D:4)
  A gnoll shaman (D:4)
  Ijyb (D:2)
  An iguana (D:4)
  5 worker ants (D:4)
  A hound skeleton (D:4)
  22 gnolls
  3 adders
  An ooze (D:2)
  An adder skeleton (D:3)
  3 worms
  3 dart slugs (D:2)
  3 giant geckos (D:1)
  An orc (D:3)
  4 bats
  2 giant cockroaches
  6 hobgoblins
  14 jackals
  5 kobolds
  3 giant newts
  10 goblins
  8 rats
99 creatures vanquished.

Vanquished Creatures (collateral kills)
  A hound (D:4)
  An adder (D:2)
  4 gnolls
  A worm (D:2)
  A bat (D:3)
  A giant cockroach (D:2)
  2 goblins
  3 jackals (D:4)
  A kobold (D:3)
  A giant newt (D:2)
  A rat (D:2)
17 creatures vanquished.

Vanquished Creatures (others)
  A wizard (D:4)
  3 ancestors (D:4)
4 creatures vanquished.

Grand Total: 120 creatures vanquished

Notes
Turn   | Place    | Note
-------+----------+-------------------------------------------
     0 | D:1      | Goblin1989 the Demonspawn Gladiator began the quest for the Orb.
     0 | D:1      | Reached XP level 1. HP: 16/16 MP: 1/1
    36 | D:1      | Reached skill level 3 in Staves
   144 | D:1      | Gained mutation: Your flesh is cold resistant. (rC+) [demonic ancestry]
   144 | D:1      | Reached XP level 2. HP: 22/22 MP: 2/2
   489 | D:1      | Reached XP level 3. HP: 14/27 MP: 3/3
  1036 | D:2      | Found a hazy altar of Hepliaklqana.
  1046 | D:2      | Became a worshipper of Hepliaklqana
  1082 | D:2      | Reached skill level 4 in Staves
  1242 | D:2      | Found a shattered altar of Ashenzari.
  1339 | D:2      | Noticed Ijyb
  1346 | D:2      | Killed Ijyb
  1346 | D:2      | Gained mutation: When hurt, damage is shared between your health and your magic reserves. [demonic ancestry]
  1346 | D:2      | Reached XP level 4. HP: 33/33 MP: 4/4
  1621 | D:3      | Reached skill level 5 in Staves
  1638 | D:3      | Gained mutation: You have a pair of small antennae on your head. [demonic ancestry]
  1638 | D:3      | Reached XP level 5. HP: 17/38 MP: 2/5
  1892 | D:3      | Found a sparkling altar of Nemelex Xobeh.
  2218 | D:3      | Reached * piety under Hepliaklqana
  2559 | D:4      | Reached skill level 6 in Staves
  2826 | D:4      | Gained mutation: You are partially covered in yellow scales. (AC +2) [demonic ancestry]
  2826 | D:4      | Reached XP level 6. HP: 27/44 MP: 4/6
  3172 | D:4      | Found a bloodstained altar of Trog.
  3173 | D:4      | Noticed a wizard
  3179 | D:4      | Killed a wizard
  3345 | D:4      | HP: 1/44 [gnoll sergeant/spear of piercing (2)]
  3350 | D:4      | HP: 2/44 [gnoll sergeant/spear of piercing (2)]
  3353 | D:4      | Reached skill level 7 in Staves
  3359 | D:4      | Reached XP level 7. HP: 4/50 MP: 1/7
  3381 | D:4      | HP: 1/50 [gnoll/flail (3)]
  3419 | D:4      | HP: 1/50 [gnoll/spear (5)]
  3812 | D:4      | Reached skill level 8 in Staves
  3833 | D:5      | Entered Level 5 of the Dungeon
  3839 | D:5      | Noticed Edmund
  3851 | D:5      | Slain by Edmund

Vault maps used:
D:1:      grunt_arrival_lava_bath, minmay_surrounded
D:2:      nicolae_overflow_crystal_walls, lemuel_round_altar, first_bread,
          minmay_liquid_box, uniq_iyjb
D:3:      old_standard_altar, minmay_misc_feat_columns
D:4:      lemuel_castle_with_subvaults, kennysheep_vampire_church, trog_wizard,
          uniq_sigmund, uniq_purgy
D:5:      lemuel_doored_altar, basic_altar, uniq_edmund

Skill      XL: |  1  2  3  4  5  6  7 |
---------------+----------------------+-----
Staves         | 3 4 5 6 7 8 |  8.0
Fighting       | |  2.0
Throwing       | |  1.7
Dodging        | |  2.6

Action                   |  1- 3 |  4- 6 |  7- 9 || total
-------------------------+-------+-------+-------++-------
Melee: Quarterstaff      |   106 |   209 |    51 ||   366
Invok: Ancestor Identity |       |     1 |       ||     1
  Use: Scroll            |       |     8 |     1 ||     9
       Potion            |       |     3 |     1 ||     4
 Stab: Invisible         |       |     2 |     5 ||     7
  Eat: Bread ration      |       |     1 |       ||     1
       Chunk             |       |     3 |       ||     3
       Royal jelly       |       |       |     1 ||     1
Armor: Leather armour    |    32 |       |       ||    32
       Scale mail        |     4 |    14 |       ||    18
       Ring mail         |       |    55 |     2 ||    57
Dodge: Dodged            |    92 |   118 |    27 ||   237
